ARIZONA Coyotes vs COLUMBUS Blue Jackets

Created - 23 octobre 2018 at 18:18

Goals
1 2 3 T
ARIZONA Coyotes 1 0 1 2
COLUMBUS Blue Jackets 2 0 2 4
Shots
1 2 3 T
ARIZONA Coyotes 11 6 9 26
COLUMBUS Blue Jackets 9 22 6 37

1st period

1. ARIZONA Coyotes , Ryan Nugent-Hopkins 3 (Nicklas Backstrom 7, Nikita Zaitsev 2) at 1:38
2. COLUMBUS Blue Jackets , Valtteri Filppula 2 (Joel Edmundson 2) at 12:55
3. COLUMBUS Blue Jackets , Andre Burakovsky 2 (Joel Edmundson 3, Dmitry Kulikov 4) at 19:42 (PP)

Penalties :
Mikko Koivu (ARI) for Tripping (Minor) at 3:07, Joel Edmundson (CLB) for Interference (Minor) at 13:48, Mark Scheifele (ARI) for Hooking (Minor) at 18:34

2nd period

No Goal

Penalties :
Patrick Eaves (ARI) for Roughing (Minor) at 1:49, Nikita Zaitsev (ARI) for Goalie Interference (Minor) at 5:48, Mikko Koivu (ARI) for Hooking (Minor) at 8:45

3rd period

4. COLUMBUS Blue Jackets , Zdeno Chara 3 (Loui Eriksson 3, Casey Cizikas 4) at 4:07
5. COLUMBUS Blue Jackets , Joel Edmundson 3 (Zdeno Chara 5) at 10:10
6. ARIZONA Coyotes , Mark Scheifele 4 (Nicklas Backstrom 8, Ryan Nugent-Hopkins 2) at 17:36

Penalties :
No Penalty

Goalie Stats

Marc-Andre Fleury (ARI), 33 saves from 37 shots - (0,892), L, 0-3-0, 60:00 minutes
Mike Smith (CLB), 24 saves from 26 shots - (0,923), W, 5-1-0, 60:00 minutes

Players Stats for ARIZONA Coyotes

Player Name              G  A  P  +/- PIM S  H  SB GA TA FO     MP     PP MP  PK MP  
------------------------------------------------------------------------------------
Alex Goligoski           0  0  0  -1  0   0  2  3  0  0  0/0    20:11   1:24   1:16 
Andrew Copp              0  0  0   0  0   0  1  0  0  0  4/7     7:31   0:00   2:31 
Auston Matthews          0  0  0  -1  0   4  0  0  0  0  10/30  18:01   1:24   1:35 
Deryk Engelland          0  0  0   0  0   0  1  3  0  0  0/0    18:58   0:00   4:11 
Erik Johnson             0  0  0  -1  0   2  1  5  0  0  0/0    21:34   0:00   4:03 
Ian Cole                 0  0  0   0  0   0  0  2  0  0  0/0    21:53   0:35   4:39 
Justin Schultz           0  0  0   0  0   0  0  0  0  0  0/0    19:07   1:24   1:04 
Mark Scheifele           1  0  1   1  2   5  0  0  0  0  1/1    19:10   1:24   2:25 
Michael Grabner          0  0  0  -1  0   2  3  0  0  0  2/4    20:46   0:35   5:09 
Mikko Koivu              0  0  0  -1  4   4  0  0  0  0  8/14   17:01   0:35   2:55 
Nicklas Backstrom        0  2  2   1  0   1  2  0  0  0  8/19   16:46   1:24   0:00 
Nikita Zaitsev           0  1  1   0  2   0  3  3  0  0  0/0    17:41   0:00   2:55 
Ondrej Kase              0  0  0  -1  0   0  1  0  0  0  0/0    13:33   0:00   0:00 
Patrick Eaves            0  0  0  -1  2   2  0  0  0  0  0/1    14:24   0:00   0:52 
Ryan Hartman             0  0  0   0  0   0  0  0  0  0  0/1     5:00   0:00   0:00 
Ryan Nugent-Hopkins      1  1  2   1  0   5  0  0  0  0  4/6    18:38   0:35   2:41 
Sam Reinhart             0  0  0  -1  0   1  1  0  0  0  0/2    15:37   0:35   0:00 
Travis Konecny           0  0  0   0  0   0  0  1  0  0  0/0     5:00   0:00   0:00 

Players Stats for COLUMBUS Blue Jackets

Player Name              G  A  P  +/- PIM S  H  SB GA TA FO     MP     PP MP  PK MP  
------------------------------------------------------------------------------------
Alex Killorn             0  0  0   0  0   1  1  0  0  0  8/17   15:27   5:00   0:36 
Andre Burakovsky         1  0  1  -1  0   6  1  0  0  0  1/2    18:14   4:04   0:00 
Artturi Lehkonen         0  0  0   0  0   1  1  0  0  0  0/0    14:51   5:00   0:00 
Calvin de Haan           0  0  0  -1  0   2  1  0  0  0  0/0    17:51   0:42   0:53 
Casey Cizikas            0  1  1   2  0   4  3  0  0  0  1/2    19:17   0:00   0:00 
Cory Conacher            0  0  0   0  0   0  0  0  0  0  0/0     5:39   0:00   0:00 
Dmitry Kulikov           0  1  1  -1  0   0  2  3  0  0  0/0    21:56   4:34   1:06 
Joel Edmundson           1  2  3   2  2   2  3  0  0  0  0/0    24:22   3:46   0:00 
Jori Lehtera             0  0  0  -1  0   4  0  0  0  0  10/16  14:10   0:00   0:00 
Loui Eriksson            0  1  1   2  0   4  0  0  0  0  0/0    19:17   0:00   0:00 
Matt Benning             0  0  0   0  0   0  2  0  0  0  0/0    12:46   0:42   0:00 
Michael Frolik           0  0  0  -1  0   1  0  0  0  0  4/8    20:33   5:00   1:23 
Olli Maatta              0  0  0   0  0   0  1  2  0  0  0/0    17:46   4:36   1:06 
Richard Panik            0  0  0   0  0   2  1  0  0  0  0/0    13:43   3:52   0:00 
Trevor Lewis             0  0  0   0  0   2  0  0  0  0  4/8     7:56   0:54   1:23 
Valtteri Filppula        1  0  1   2  0   2  1  0  0  0  20/32  23:15   3:22   0:36 
Zdeno Chara              1  1  2   2  0   5  0  2  0  0  0/0    25:18   3:48   0:53 
Zemgus Girgensons        0  0  0   0  0   1  0  1  0  0  0/0     5:39   0:00   0:00 

3 Stars

1 - Joel Edmundson (CLB)
2 - Zdeno Chara (CLB)
3 - Valtteri Filppula (CLB)

Power Play

ARIZONA Coyotes - 0 on 1 Attempt(s) - 0,00%
COLUMBUS Blue Jackets - 1 on 5 Attempt(s) - 20,00%

Penalty Kill

ARIZONA Coyotes - 4 on 5 Attempt(s) - 80,00% - Score 0 goal in Penalty Kill
COLUMBUS Blue Jackets - 1 on 1 Attempt(s) - 100,00% - Score 0 goal in Penalty Kill

Team Stat

ARIZONA Coyotes - Hits : 15 - Faceoff Wins : 37 - Blocked Shots : 17 - Penalty Minutes : 10
COLUMBUS Blue Jackets - Hits : 17 - Faceoff Wins : 48 - Blocked Shots : 8 - Penalty Minutes : 2

Official

Referees : Unknown
Linesman : Unknown

Game Notes

No Game Note

Finance

Level 1 -- Attendance: 4752 (78,55%) -- Ticket Income 470 448 $
Level 2 -- Attendance: 4167 (82,51%) -- Ticket Income 245 853 $
Level 3 -- Attendance: 2075 (100,00%) -- Ticket Income 76 775 $
Level 4 -- Attendance: 4103 (100,00%) -- Ticket Income 61 545 $
Luxury Box -- Attendance: 840 (83,42%) -- Ticket Income 174 720 $
Game was played at the Nationwide Arena.
Total Attendance: 15937 (87,16%)
Total Ticket Income: 1 029 341 $
Other Income: 401 443 $
Total Income: 1 430 784 $

ARIZONA Coyotes

5 vs 5 Forward 
   Center                   Left Wing                Right Wing               Time % Phy DF OF 
 1 Nicklas Backstrom        Ryan Nugent-Hopkins      Mark Scheifele           32     1   1  3  
 2 Auston Matthews          Michael Grabner          Sam Reinhart             30     1   1  3  
 3 Mikko Koivu              Patrick Eaves            Ondrej Kase              28     1   2  2  
 4 Andrew Copp              Ryan Hartman             Travis Konecny           10     0   3  2  

5 vs 5 Defense 
   Defense                  Defense                                           Time % Phy DF OF 
 1 Alex Goligoski           Erik Johnson                                      35     1   2  2  
 2 Justin Schultz           Ian Cole                                          35     1   2  2  
 3 Deryk Engelland          Nikita Zaitsev                                    15     1   3  1  
 4 Deryk Engelland          Nikita Zaitsev                                    15     1   3  1  

PowerPlay Forward 
   Center                   Left Wing                Right Wing               Time % Phy DF OF 
 1 Nicklas Backstrom        Auston Matthews          Mark Scheifele           53     2   2  1  
 2 Mikko Koivu              Michael Grabner          Sam Reinhart             47     2   2  1  

PowerPlay Defense
   Defense                  Defense                                           Time % Phy DF OF 
 1 Alex Goligoski           Justin Schultz                                    54     1   2  2  
 2 Ian Cole                 Ryan Nugent-Hopkins                               46     1   2  2  

Penalty Kill 4 Players Forward 
   Center                   Wing                     Time % Phy DF OF 
 1 Mikko Koivu              Michael Grabner          60     1   2  2  
 2 Andrew Copp              Mark Scheifele           40     1   2  2  

Penalty Kill 4 Players Defense
   Defense                  Defense                  Time % Phy DF OF 
 1 Erik Johnson             Deryk Engelland          60     1   2  2  
 2 Nikita Zaitsev           Ian Cole                 40     1   2  2  

Penalty Kill - 3 Players Forward 
   Forward                                           Time % Phy DF OF 
 1 Mikko Koivu                                       60     1   2  2  
 2 Michael Grabner                                   40     1   2  2  

Penalty Kill - 3 Players Defense
   Defense                  Defense                  Time % Phy DF OF 
 1 Deryk Engelland          Erik Johnson             60     1   2  2  
 2 Ian Cole                 Nikita Zaitsev           40     1   2  2  

4 vs 4 Forward 
   Center                   Wing                     Time % Phy DF OF 
 1 Mikko Koivu              Mark Scheifele           53     1   2  2  
 2 Auston Matthews          Ryan Nugent-Hopkins      47     1   2  2  

4 vs 4 Defense
   Defense                  Defense                  Time % Phy DF OF 
 1 Alex Goligoski           Justin Schultz           54     1   2  2  
 2 Deryk Engelland          Ian Cole                 46     1   2  2  

Last Minutes Offensive
   Center                   Left Wing                Right Wing               Defense                  Defense                  
   Auston Matthews          Nicklas Backstrom        Mark Scheifele           Alex Goligoski           Justin Schultz           

Last Minutes Defensive
   Center                   Left Wing                Right Wing               Defense                  Defense                  
   Mikko Koivu              Michael Grabner          Mark Scheifele           Deryk Engelland          Erik Johnson             

Goaltenders
Starting : Marc-Andre Fleury        
Backup : Andrei Vasilevskiy       

Extra Forwards
Normal : Mark Scheifele, Ryan Nugent-Hopkins, Michael Grabner - PP : Mark Scheifele, Ryan Nugent-Hopkins - PK : Ryan Nugent-Hopkins
Extra Defensemen
Normal : Deryk Engelland, Alex Goligoski, Ian Cole - PP : Deryk Engelland - PK : Alex Goligoski, Deryk Engelland
Penalty Shots
Auston Matthews, Mark Scheifele, Michael Grabner, Patrick Eaves, Ryan Nugent-Hopkins

COLUMBUS Blue Jackets

5 vs 5 Forward 
   Center                   Left Wing                Right Wing               Time % Phy DF OF 
 1 Valtteri Filppula        Casey Cizikas            Loui Eriksson            40     0   2  3  
 2 Jori Lehtera             Michael Frolik           Andre Burakovsky         30     0   4  1  
 3 Alex Killorn             Artturi Lehkonen         Richard Panik            20     0   3  2  
 4 Trevor Lewis             Zemgus Girgensons        Cory Conacher            10     0   4  1  

5 vs 5 Defense 
   Defense                  Defense                                           Time % Phy DF OF 
 1 Zdeno Chara              Joel Edmundson                                    40     0   2  3  
 2 Calvin de Haan           Dmitry Kulikov                                    30     0   4  1  
 3 Olli Maatta              Matt Benning                                      20     0   5  0  
 4 Zdeno Chara              Joel Edmundson                                    10     0   3  2  

PowerPlay Forward 
   Center                   Left Wing                Right Wing               Time % Phy DF OF 
 1 Valtteri Filppula        Andre Burakovsky         Richard Panik            60     0   0  5  
 2 Michael Frolik           Artturi Lehkonen         Alex Killorn             40     0   0  5  

PowerPlay Defense
   Defense                  Defense                                           Time % Phy DF OF 
 1 Zdeno Chara              Olli Maatta                                       60     0   2  3  
 2 Joel Edmundson           Dmitry Kulikov                                    40     0   2  3  

Penalty Kill 4 Players Forward 
   Center                   Wing                     Time % Phy DF OF 
 1 Trevor Lewis             Michael Frolik           60     0   5  0  
 2 Valtteri Filppula        Alex Killorn             40     0   4  1  

Penalty Kill 4 Players Defense
   Defense                  Defense                  Time % Phy DF OF 
 1 Zdeno Chara              Calvin de Haan           60     0   5  0  
 2 Joel Edmundson           Dmitry Kulikov           40     0   5  0  

Penalty Kill - 3 Players Forward 
   Forward                                           Time % Phy DF OF 
 1 Casey Cizikas                                     60     0   5  0  
 2 Loui Eriksson                                     40     0   5  0  

Penalty Kill - 3 Players Defense
   Defense                  Defense                  Time % Phy DF OF 
 1 Zdeno Chara              Calvin de Haan           60     0   5  0  
 2 Joel Edmundson           Dmitry Kulikov           40     0   5  0  

4 vs 4 Forward 
   Center                   Wing                     Time % Phy DF OF 
 1 Valtteri Filppula        Andre Burakovsky         60     0   3  2  
 2 Trevor Lewis             Artturi Lehkonen         40     0   3  2  

4 vs 4 Defense
   Defense                  Defense                  Time % Phy DF OF 
 1 Zdeno Chara              Olli Maatta              60     0   3  2  
 2 Joel Edmundson           Dmitry Kulikov           40     0   3  2  

Last Minutes Offensive
   Center                   Left Wing                Right Wing               Defense                  Defense                  
   Valtteri Filppula        Andre Burakovsky         Richard Panik            Zdeno Chara              Joel Edmundson           

Last Minutes Defensive
   Center                   Left Wing                Right Wing               Defense                  Defense                  
   Casey Cizikas            Loui Eriksson            Alex Killorn             Zdeno Chara              Joel Edmundson           

Goaltenders
Starting : Mike Smith               
Backup : Jonathan Bernier         

Extra Forwards
Normal : Trevor Lewis, Artturi Lehkonen, Andre Burakovsky - PP : Trevor Lewis, Artturi Lehkonen - PK : Andre Burakovsky
Extra Defensemen
Normal : Dmitry Kulikov, Joel Edmundson, Zdeno Chara - PP : Dmitry Kulikov - PK : Dmitry Kulikov, Joel Edmundson
Penalty Shots
Artturi Lehkonen, Richard Panik, Andre Burakovsky, Alex Killorn, Trevor Lewis


% Time on Ice - ARIZONA Coyotes

Lines # - Real PCT - Wanted PCT - Time Play
Normal Forward
1 - 31% - 32% - 15:22
2 - 31% - 30% - 15:02
3 - 28% - 28% - 13:33
4 - 10% - 10% - 5:00
Normal Defense
1 - 36% - 35% - 17:31
2 - 34% - 35% - 16:39
3 - 14% - 15% - 6:48
4 - 16% - 15% - 7:59
PP Forward
1 - 71% - 53% - 1:24
2 - 29% - 47% - 0:35
PP Defense
1 - 71% - 54% - 1:24
2 - 29% - 46% - 0:35
PK Forward
1 - 72% - 60% - 6:33
2 - 28% - 40% - 2:31
PK Defense
1 - 49% - 60% - 4:25
2 - 51% - 40% - 4:39
PK3 Forward
1 - 0% - 60%
2 - 0% - 40%
PK3 Defense
1 - 0% - 60%
2 - 0% - 40%
44 Forward
1 - 0% - 53%
2 - 0% - 47%
44 Defense
1 - 0% - 54%
2 - 0% - 46%
Last Minute Offensive  - 0:00
Last Minute Defensive  - 0:00
Total
Forward - 60:00
Defense - 60:00

% Time on Ice - COLUMBUS Blue Jackets

Lines # - Real PCT - Wanted PCT - Time Play
Normal Forward
1 - 39% - 40% - 19:17
2 - 29% - 30% - 14:10
3 - 20% - 20% - 9:51
4 - 12% - 10% - 5:39
Normal Defense
1 - 39% - 40% - 19:11
2 - 33% - 30% - 16:16
3 - 25% - 20% - 12:04
4 - 3% - 10% - 1:26
PP Forward
1 - 45% - 60% - 4:04
2 - 55% - 40% - 5:00
PP Defense
1 - 58% - 60% - 5:18
2 - 42% - 40% - 3:46
PK Forward
1 - 70% - 60% - 1:23
2 - 30% - 40% - 0:36
PK Defense
1 - 45% - 60% - 0:53
2 - 55% - 40% - 1:06
PK3 Forward
1 - 0% - 60%
2 - 0% - 40%
PK3 Defense
1 - 0% - 60%
2 - 0% - 40%
44 Forward
1 - 0% - 60%
2 - 0% - 40%
44 Defense
1 - 0% - 60%
2 - 0% - 40%
Last Minute Offensive  - 0:00
Last Minute Defensive  - 0:00
Total
Forward - 60:00
Defense - 60:00

Play by Play

1st period


0:01 of 1st period - Valtteri Filppula wins face-off versus Nicklas Backstrom in neutral zone.
0:04 of 1st period - Shot by Casey Cizikas.
0:04 of 1st period - Stopped by Marc-Andre Fleury without a rebound.
0:05 of 1st period - Jori Lehtera wins face-off versus Auston Matthews in ARIZONA Coyotes zone.
1:14 of 1st period - Michael Frolik is hit by Alex Goligoski and loses puck.
1:27 of 1st period - Shot by Patrick Eaves.
1:27 of 1st period - Stopped by Mike Smith without a rebound.
1:28 of 1st period - Ryan Nugent-Hopkins wins face-off versus Valtteri Filppula in COLUMBUS Blue Jackets zone.
1:38 of 1st period - Shot by Ryan Nugent-Hopkins.
1:38 of 1st period - Goal by Ryan Nugent-Hopkins - ARIZONA Coyotes : 1 - COLUMBUS Blue Jackets : 0.
1:39 of 1st period - Andrew Copp wins face-off versus Alex Killorn in neutral zone.
1:45 of 1st period - Icing by Matt Benning.
1:46 of 1st period - Nicklas Backstrom wins face-off versus Alex Killorn in COLUMBUS Blue Jackets zone.
3:07 of 1st period - Minor Penalty to Mikko Koivu for Tripping.
3:08 of 1st period - Valtteri Filppula wins face-off versus Auston Matthews in ARIZONA Coyotes zone.
3:11 of 1st period - Shot by Valtteri Filppula.
3:11 of 1st period - Shot Misses the Net.
3:13 of 1st period - Shot by Andre Burakovsky.
3:13 of 1st period - Shot Blocked by Erik Johnson.
3:15 of 1st period - Shot by Richard Panik.
3:15 of 1st period - Stopped by Marc-Andre Fleury without a rebound.
3:16 of 1st period - Valtteri Filppula wins face-off versus Auston Matthews in ARIZONA Coyotes zone.
3:31 of 1st period - Auston Matthews is hit by Andre Burakovsky and loses puck.
4:57 of 1st period - Icing by Dmitry Kulikov.
4:58 of 1st period - Michael Grabner wins face-off versus Valtteri Filppula in COLUMBUS Blue Jackets zone.
4:58 of 1st period - Michael Grabner is hit by Joel Edmundson.
5:02 of 1st period - Shot by Ryan Nugent-Hopkins.
5:02 of 1st period - Stopped by Mike Smith without a rebound.
5:03 of 1st period - Ryan Nugent-Hopkins wins face-off versus Michael Frolik in COLUMBUS Blue Jackets zone.
5:08 of 1st period - Shot by Ryan Nugent-Hopkins.
5:08 of 1st period - Shot Blocked by Zemgus Girgensons.
6:23 of 1st period - Shot by Zdeno Chara.
6:23 of 1st period - Stopped by Marc-Andre Fleury without a rebound.
6:24 of 1st period - Jori Lehtera wins face-off versus Auston Matthews in ARIZONA Coyotes zone.
6:35 of 1st period - Shot by Michael Frolik.
6:35 of 1st period - Shot Misses the Net.
6:46 of 1st period - Nikita Zaitsev is hit by Matt Benning and loses puck.
7:08 of 1st period - Shot by Michael Grabner.
7:08 of 1st period - Stopped by Mike Smith without a rebound.
7:09 of 1st period - Mark Scheifele wins face-off versus Valtteri Filppula in COLUMBUS Blue Jackets zone.
7:26 of 1st period - Shot by Casey Cizikas.
7:26 of 1st period - Shot Misses the Net.
8:20 of 1st period - Shot by Mikko Koivu.
8:20 of 1st period - Shot Blocked by Zdeno Chara.
8:34 of 1st period - Shot by Patrick Eaves.
8:34 of 1st period - Shot Misses the Net.
8:36 of 1st period - Shot by Erik Johnson.
8:36 of 1st period - Stopped by Mike Smith without a rebound.
8:37 of 1st period - Alex Killorn wins face-off versus Auston Matthews in COLUMBUS Blue Jackets zone.
8:49 of 1st period - Off-side.
8:50 of 1st period - Andrew Copp wins face-off versus Andre Burakovsky in neutral zone.
8:54 of 1st period - Nikita Zaitsev is hit by Matt Benning and loses puck.
9:18 of 1st period - Shot by Andre Burakovsky.
9:18 of 1st period - Stopped by Marc-Andre Fleury without a rebound.
9:19 of 1st period - Auston Matthews wins face-off versus Alex Killorn in ARIZONA Coyotes zone.
10:20 of 1st period - Icing by Matt Benning.
10:21 of 1st period - Nicklas Backstrom wins face-off versus Jori Lehtera in COLUMBUS Blue Jackets zone.
10:22 of 1st period - Shot by Mark Scheifele.
10:22 of 1st period - Stopped by Mike Smith without a rebound.
10:23 of 1st period - Mikko Koivu wins face-off versus Valtteri Filppula in COLUMBUS Blue Jackets zone.
10:45 of 1st period - Shot by Mikko Koivu.
10:45 of 1st period - Stopped by Mike Smith with a rebound.
10:47 of 1st period - Shot by Mikko Koivu.
10:47 of 1st period - Shot Misses the Net.
11:02 of 1st period - Icing by Joel Edmundson.
11:03 of 1st period - Valtteri Filppula wins face-off versus Ryan Nugent-Hopkins in COLUMBUS Blue Jackets zone.
11:03 of 1st period - Valtteri Filppula is hit by Nicklas Backstrom.
11:47 of 1st period - Shot by Jori Lehtera.
11:47 of 1st period - Stopped by Marc-Andre Fleury without a rebound.
11:48 of 1st period - Trevor Lewis wins face-off versus Auston Matthews in ARIZONA Coyotes zone.
11:52 of 1st period - Icing by Erik Johnson.
11:53 of 1st period - Trevor Lewis wins face-off versus Auston Matthews in ARIZONA Coyotes zone.
12:04 of 1st period - Shot by Auston Matthews.
12:04 of 1st period - Shot Misses the Net.
12:19 of 1st period - Shot by Trevor Lewis.
12:19 of 1st period - Stopped by Marc-Andre Fleury without a rebound.
12:20 of 1st period - Mikko Koivu wins face-off versus Valtteri Filppula in ARIZONA Coyotes zone.
12:45 of 1st period - Icing by Joel Edmundson.
12:46 of 1st period - Valtteri Filppula wins face-off versus Nicklas Backstrom in COLUMBUS Blue Jackets zone.
12:55 of 1st period - Shot by Valtteri Filppula.
12:55 of 1st period - Goal by Valtteri Filppula - ARIZONA Coyotes : 1 - COLUMBUS Blue Jackets : 1.
12:56 of 1st period - Jori Lehtera wins face-off versus Nicklas Backstrom in neutral zone.
13:06 of 1st period - Mark Scheifele is hit by Dmitry Kulikov and loses puck.
13:25 of 1st period - Shot by Erik Johnson.
13:25 of 1st period - Stopped by Mike Smith without a rebound.
13:26 of 1st period - Valtteri Filppula wins face-off versus Auston Matthews in COLUMBUS Blue Jackets zone.
13:31 of 1st period - Michael Grabner is hit by Casey Cizikas and loses puck.
13:48 of 1st period - Shot by Auston Matthews.
13:48 of 1st period - Stopped by Mike Smith without a rebound.
13:48 of 1st period - Minor Penalty to Joel Edmundson for Interference.
13:49 of 1st period - Trevor Lewis wins face-off versus Nicklas Backstrom in COLUMBUS Blue Jackets zone.
14:09 of 1st period - Icing by Alex Goligoski.
14:10 of 1st period - Auston Matthews wins face-off versus Trevor Lewis in ARIZONA Coyotes zone.
14:32 of 1st period - Shot by Justin Schultz.
14:32 of 1st period - Shot Blocked by Zdeno Chara.
14:34 of 1st period - Shot by Nicklas Backstrom.
14:34 of 1st period - Shot Misses the Net.
14:36 of 1st period - Shot by Auston Matthews.
14:36 of 1st period - Shot Misses the Net.
14:38 of 1st period - Shot by Alex Goligoski.
14:38 of 1st period - Shot Misses the Net.
15:00 of 1st period - Shot by Ryan Nugent-Hopkins.
15:00 of 1st period - Shot Blocked by Olli Maatta.
15:02 of 1st period - Shot by Michael Grabner.
15:02 of 1st period - Shot Misses the Net.
15:04 of 1st period - Shot by Ryan Nugent-Hopkins.
15:04 of 1st period - Shot Misses the Net.
15:17 of 1st period - Shot by Mikko Koivu.
15:17 of 1st period - Stopped by Mike Smith without a rebound.
15:18 of 1st period - Nicklas Backstrom wins face-off versus Trevor Lewis in COLUMBUS Blue Jackets zone.
15:18 of 1st period - Nicklas Backstrom is hit by Olli Maatta.
16:14 of 1st period - Shot by Zdeno Chara.
16:14 of 1st period - Deflect By Valtteri Filppula.
16:14 of 1st period - Shot Misses the Net.
16:16 of 1st period - Shot by Casey Cizikas.
16:16 of 1st period - Shot Misses the Net.
16:35 of 1st period - Andrew Copp is hit by Artturi Lehkonen and loses puck.
16:55 of 1st period - Icing by Erik Johnson.
16:56 of 1st period - Jori Lehtera wins face-off versus Mikko Koivu in ARIZONA Coyotes zone.
16:57 of 1st period - Shot by Michael Frolik.
16:57 of 1st period - Shot Blocked by Alex Goligoski.
16:59 of 1st period - Shot by Matt Benning.
16:59 of 1st period - Shot Blocked by Erik Johnson.
17:01 of 1st period - Shot by Andre Burakovsky.
17:01 of 1st period - Stopped by Marc-Andre Fleury without a rebound.
17:02 of 1st period - Nicklas Backstrom wins face-off versus Trevor Lewis in ARIZONA Coyotes zone.
17:09 of 1st period - Shot by Ryan Nugent-Hopkins.
17:09 of 1st period - Stopped by Mike Smith without a rebound.
17:10 of 1st period - Nicklas Backstrom wins face-off versus Jori Lehtera in COLUMBUS Blue Jackets zone.
17:30 of 1st period - Andre Burakovsky is hit by Erik Johnson and loses puck.
18:01 of 1st period - Icing by Mark Scheifele.
18:02 of 1st period - Valtteri Filppula wins face-off versus Nicklas Backstrom in ARIZONA Coyotes zone.
18:15 of 1st period - Shot by Loui Eriksson.
18:15 of 1st period - Deflect By Casey Cizikas.
18:15 of 1st period - Shot Blocked by Alex Goligoski.
18:34 of 1st period - Minor Penalty to Mark Scheifele for Hooking.
18:35 of 1st period - Mikko Koivu wins face-off versus Michael Frolik in ARIZONA Coyotes zone.
18:35 of 1st period - Mikko Koivu is hit by Alex Killorn.
19:38 of 1st period - Shot by Dmitry Kulikov.
19:38 of 1st period - Shot Misses the Net.
19:40 of 1st period - Shot by Joel Edmundson.
19:40 of 1st period - Shot Blocked by Deryk Engelland.
19:42 of 1st period - Shot by Andre Burakovsky.
19:42 of 1st period - Goal by Andre Burakovsky - ARIZONA Coyotes : 1 - COLUMBUS Blue Jackets : 2.
19:43 of 1st period - Andrew Copp wins face-off versus Trevor Lewis in neutral zone.
Goals for this period are 1 for ARIZONA Coyotes vs 2 for COLUMBUS Blue Jackets.
Shots for this period are 11 for ARIZONA Coyotes vs 9 for COLUMBUS Blue Jackets.

2nd period


0:01 of 2nd period - Casey Cizikas wins face-off versus Auston Matthews in neutral zone.
0:18 of 2nd period - Icing by Loui Eriksson.
0:19 of 2nd period - Valtteri Filppula wins face-off versus Mikko Koivu in COLUMBUS Blue Jackets zone.
0:36 of 2nd period - Shot by Valtteri Filppula.
0:36 of 2nd period - Shot Misses the Net.
0:43 of 2nd period - Icing by Casey Cizikas.
0:44 of 2nd period - Auston Matthews wins face-off versus Valtteri Filppula in COLUMBUS Blue Jackets zone.
0:47 of 2nd period - Shot by Auston Matthews.
0:47 of 2nd period - Shot Misses the Net.
1:24 of 2nd period - Shot by Auston Matthews.
1:24 of 2nd period - Shot Misses the Net.
1:44 of 2nd period - Shot by Mikko Koivu.
1:44 of 2nd period - Stopped by Mike Smith with a rebound.
1:49 of 2nd period - Minor Penalty to Patrick Eaves for Roughing.
1:50 of 2nd period - Michael Frolik wins face-off versus Michael Grabner in ARIZONA Coyotes zone.
2:12 of 2nd period - Shot by Olli Maatta.
2:12 of 2nd period - Shot Blocked by Erik Johnson.
3:15 of 2nd period - Shot by Andre Burakovsky.
3:15 of 2nd period - Shot Blocked by Deryk Engelland.
3:17 of 2nd period - Shot by Trevor Lewis.
3:17 of 2nd period - Shot Misses the Net.
3:19 of 2nd period - Shot by Calvin de Haan.
3:19 of 2nd period - Stopped by Marc-Andre Fleury without a rebound.
3:20 of 2nd period - Michael Frolik wins face-off versus Andrew Copp in ARIZONA Coyotes zone.
3:23 of 2nd period - Shot by Alex Killorn.
3:23 of 2nd period - Shot Blocked by Nikita Zaitsev.
4:14 of 2nd period - Shot by Auston Matthews.
4:14 of 2nd period - Shot Misses the Net.
4:47 of 2nd period - Icing by Ian Cole.
4:48 of 2nd period - Nicklas Backstrom wins face-off versus Valtteri Filppula in ARIZONA Coyotes zone.
4:56 of 2nd period - Icing by Valtteri Filppula.
4:57 of 2nd period - Valtteri Filppula wins face-off versus Mikko Koivu in COLUMBUS Blue Jackets zone.
4:57 of 2nd period - Valtteri Filppula is hit by Ondrej Kase.
5:05 of 2nd period - Shot by Patrick Eaves.
5:05 of 2nd period - Stopped by Mike Smith without a rebound.
5:06 of 2nd period - Mikko Koivu wins face-off versus Jori Lehtera in COLUMBUS Blue Jackets zone.
5:30 of 2nd period - Zdeno Chara is hit by Nikita Zaitsev and loses puck.
5:41 of 2nd period - Shot by Zdeno Chara.
5:41 of 2nd period - Shot Misses the Net.
5:43 of 2nd period - Shot by Zdeno Chara.
5:43 of 2nd period - Shot Misses the Net.
5:45 of 2nd period - Shot by Joel Edmundson.
5:45 of 2nd period - Shot Blocked by Deryk Engelland.
5:48 of 2nd period - Minor Penalty to Nikita Zaitsev for Goalie Interference.
5:49 of 2nd period - Valtteri Filppula wins face-off versus Mikko Koivu in ARIZONA Coyotes zone.
6:12 of 2nd period - Shot by Richard Panik.
6:12 of 2nd period - Stopped by Marc-Andre Fleury without a rebound.
6:13 of 2nd period - Andrew Copp wins face-off versus Michael Frolik in ARIZONA Coyotes zone.
6:41 of 2nd period - Shot by Alex Killorn.
6:41 of 2nd period - Shot Hit the Post.
8:12 of 2nd period - Shot by Cory Conacher.
8:12 of 2nd period - Shot Blocked by Travis Konecny.
8:45 of 2nd period - Minor Penalty to Mikko Koivu for Hooking.
8:46 of 2nd period - Michael Frolik wins face-off versus Ryan Nugent-Hopkins in ARIZONA Coyotes zone.
9:14 of 2nd period - Icing by Dmitry Kulikov.
9:15 of 2nd period - Michael Frolik wins face-off versus Michael Grabner in COLUMBUS Blue Jackets zone.
9:22 of 2nd period - Shot by Alex Killorn.
9:22 of 2nd period - Shot Misses the Net.
9:24 of 2nd period - Shot by Alex Killorn.
9:24 of 2nd period - Stopped by Marc-Andre Fleury without a rebound.
9:25 of 2nd period - Ryan Nugent-Hopkins wins face-off versus Valtteri Filppula in ARIZONA Coyotes zone.
9:25 of 2nd period - Ryan Nugent-Hopkins is hit by Richard Panik.
9:46 of 2nd period - Shot by Zdeno Chara.
9:46 of 2nd period - Stopped by Marc-Andre Fleury with a rebound.
9:57 of 2nd period - Shot by Auston Matthews.
9:57 of 2nd period - Shot Misses the Net.
10:18 of 2nd period - Icing by Joel Edmundson.
10:19 of 2nd period - Ryan Nugent-Hopkins wins face-off versus Michael Frolik in COLUMBUS Blue Jackets zone.
10:28 of 2nd period - Shot by Erik Johnson.
10:28 of 2nd period - Shot Misses the Net.
10:52 of 2nd period - Shot by Zemgus Girgensons.
10:52 of 2nd period - Deflect By Trevor Lewis.
10:52 of 2nd period - Stopped by Marc-Andre Fleury without a rebound.
10:53 of 2nd period - Trevor Lewis wins face-off versus Patrick Eaves in ARIZONA Coyotes zone.
11:25 of 2nd period - Mikko Koivu is hit by Joel Edmundson and loses puck.
11:49 of 2nd period - Shot by Mark Scheifele.
11:49 of 2nd period - Shot Misses the Net.
12:11 of 2nd period - Shot by Mark Scheifele.
12:11 of 2nd period - Stopped by Mike Smith without a rebound.
12:12 of 2nd period - Auston Matthews wins face-off versus Jori Lehtera in COLUMBUS Blue Jackets zone.
12:39 of 2nd period - Shot by Calvin de Haan.
12:39 of 2nd period - Shot Blocked by Erik Johnson.
12:41 of 2nd period - Shot by Andre Burakovsky.
12:41 of 2nd period - Stopped by Marc-Andre Fleury without a rebound.
12:42 of 2nd period - Nicklas Backstrom wins face-off versus Valtteri Filppula in ARIZONA Coyotes zone.
12:51 of 2nd period - Shot by Ryan Nugent-Hopkins.
12:51 of 2nd period - Shot Blocked by Olli Maatta.
13:01 of 2nd period - Shot by Mark Scheifele.
13:01 of 2nd period - Stopped by Mike Smith with a rebound.
13:49 of 2nd period - Shot by Andre Burakovsky.
13:49 of 2nd period - Deflect By Michael Frolik.
13:49 of 2nd period - Shot Misses the Net.
13:51 of 2nd period - Shot by Michael Frolik.
13:51 of 2nd period - Stopped by Marc-Andre Fleury with a rebound.
14:01 of 2nd period - Shot by Jori Lehtera.
14:01 of 2nd period - Shot Blocked by Erik Johnson.
14:03 of 2nd period - Shot by Andre Burakovsky.
14:03 of 2nd period - Stopped by Marc-Andre Fleury with a rebound.
14:05 of 2nd period - Shot by Jori Lehtera.
14:05 of 2nd period - Stopped by Marc-Andre Fleury without a rebound.
14:06 of 2nd period - Auston Matthews wins face-off versus Alex Killorn in ARIZONA Coyotes zone.
14:11 of 2nd period - Shot by Auston Matthews.
14:11 of 2nd period - Stopped by Mike Smith without a rebound.
14:12 of 2nd period - Alex Killorn wins face-off versus Auston Matthews in COLUMBUS Blue Jackets zone.
14:14 of 2nd period - Icing by Richard Panik.
14:15 of 2nd period - Alex Killorn wins face-off versus Auston Matthews in COLUMBUS Blue Jackets zone.
14:19 of 2nd period - Off-side.
14:20 of 2nd period - Alex Killorn wins face-off versus Auston Matthews in neutral zone.
14:25 of 2nd period - Shot by Joel Edmundson.
14:25 of 2nd period - Stopped by Marc-Andre Fleury without a rebound.
14:26 of 2nd period - Valtteri Filppula wins face-off versus Nicklas Backstrom in ARIZONA Coyotes zone.
14:27 of 2nd period - Shot by Loui Eriksson.
14:27 of 2nd period - Stopped by Marc-Andre Fleury without a rebound.
14:28 of 2nd period - Valtteri Filppula wins face-off versus Nicklas Backstrom in ARIZONA Coyotes zone.
14:49 of 2nd period - Shot by Casey Cizikas.
14:49 of 2nd period - Stopped by Marc-Andre Fleury without a rebound.
14:50 of 2nd period - Jori Lehtera wins face-off versus Auston Matthews in ARIZONA Coyotes zone.
14:51 of 2nd period - Shot by Calvin de Haan.
14:51 of 2nd period - Stopped by Marc-Andre Fleury with a rebound.
14:53 of 2nd period - Shot by Calvin de Haan.
14:53 of 2nd period - Shot Misses the Net.
15:03 of 2nd period - Shot by Jori Lehtera.
15:03 of 2nd period - Stopped by Marc-Andre Fleury with a rebound.
15:13 of 2nd period - Shot by Jori Lehtera.
15:13 of 2nd period - Stopped by Marc-Andre Fleury without a rebound.
15:14 of 2nd period - Nicklas Backstrom wins face-off versus Alex Killorn in ARIZONA Coyotes zone.
15:21 of 2nd period - Shot by Ryan Nugent-Hopkins.
15:21 of 2nd period - Shot Misses the Net.
15:28 of 2nd period - Nicklas Backstrom is hit by Joel Edmundson and loses puck.
15:51 of 2nd period - Shot by Artturi Lehkonen.
15:51 of 2nd period - Shot Misses the Net.
15:53 of 2nd period - Shot by Artturi Lehkonen.
15:53 of 2nd period - Stopped by Marc-Andre Fleury without a rebound.
15:54 of 2nd period - Auston Matthews wins face-off versus Valtteri Filppula in ARIZONA Coyotes zone.
16:06 of 2nd period - Shot by Loui Eriksson.
16:06 of 2nd period - Shot Blocked by Alex Goligoski.
16:08 of 2nd period - Shot by Casey Cizikas.
16:08 of 2nd period - Stopped by Marc-Andre Fleury without a rebound.
16:09 of 2nd period - Mikko Koivu wins face-off versus Jori Lehtera in ARIZONA Coyotes zone.
16:45 of 2nd period - Shot by Andre Burakovsky.
16:45 of 2nd period - Stopped by Marc-Andre Fleury without a rebound.
16:46 of 2nd period - Valtteri Filppula wins face-off versus Sam Reinhart in ARIZONA Coyotes zone.
16:47 of 2nd period - Shot by Casey Cizikas.
16:47 of 2nd period - Stopped by Marc-Andre Fleury with a rebound.
16:49 of 2nd period - Shot by Loui Eriksson.
16:49 of 2nd period - Stopped by Marc-Andre Fleury without a rebound.
16:50 of 2nd period - Auston Matthews wins face-off versus Casey Cizikas in ARIZONA Coyotes zone.
16:50 of 2nd period - Auston Matthews is hit by Casey Cizikas.
17:16 of 2nd period - Shot by Auston Matthews.
17:16 of 2nd period - Deflect By Sam Reinhart.
17:16 of 2nd period - Stopped by Mike Smith with a rebound.
17:18 of 2nd period - Shot by Sam Reinhart.
17:18 of 2nd period - Shot Misses the Net.
18:17 of 2nd period - Mark Scheifele is hit by Dmitry Kulikov and loses puck.
19:46 of 2nd period - Shot by Zemgus Girgensons.
19:46 of 2nd period - Shot Misses the Net.
19:48 of 2nd period - Shot by Zemgus Girgensons.
19:48 of 2nd period - Stopped by Marc-Andre Fleury without a rebound.
19:49 of 2nd period - Valtteri Filppula wins face-off versus Sam Reinhart in ARIZONA Coyotes zone.
19:52 of 2nd period - Shot by Loui Eriksson.
19:52 of 2nd period - Stopped by Marc-Andre Fleury without a rebound.
19:53 of 2nd period - Valtteri Filppula wins face-off versus Auston Matthews in ARIZONA Coyotes zone.
Goals for this period are 0 for ARIZONA Coyotes vs 0 for COLUMBUS Blue Jackets.
Shots for this period are 6 for ARIZONA Coyotes vs 22 for COLUMBUS Blue Jackets.

3rd period


0:01 of 3rd period - Valtteri Filppula wins face-off versus Auston Matthews in neutral zone.
0:16 of 3rd period - Shot by Sam Reinhart.
0:16 of 3rd period - Shot Misses the Net.
0:22 of 3rd period - Ian Cole is hit by Valtteri Filppula and loses puck.
0:41 of 3rd period - Shot by Loui Eriksson.
0:41 of 3rd period - Stopped by Marc-Andre Fleury without a rebound.
0:42 of 3rd period - Andre Burakovsky wins face-off versus Nicklas Backstrom in ARIZONA Coyotes zone.
1:23 of 3rd period - Shot by Nicklas Backstrom.
1:23 of 3rd period - Shot Misses the Net.
1:25 of 3rd period - Shot by Nicklas Backstrom.
1:25 of 3rd period - Shot Misses the Net.
1:27 of 3rd period - Shot by Ryan Nugent-Hopkins.
1:27 of 3rd period - Stopped by Mike Smith without a rebound.
1:28 of 3rd period - Mikko Koivu wins face-off versus Alex Killorn in COLUMBUS Blue Jackets zone.
1:32 of 3rd period - Icing by Alex Killorn.
1:33 of 3rd period - Michael Grabner wins face-off versus Alex Killorn in COLUMBUS Blue Jackets zone.
1:42 of 3rd period - Shot by Zdeno Chara.
1:42 of 3rd period - Stopped by Marc-Andre Fleury without a rebound.
1:43 of 3rd period - Valtteri Filppula wins face-off versus Mikko Koivu in ARIZONA Coyotes zone.
1:44 of 3rd period - Shot by Loui Eriksson.
1:44 of 3rd period - Shot Blocked by Ian Cole.
1:46 of 3rd period - Shot by Joel Edmundson.
1:46 of 3rd period - Shot Misses the Net.
1:48 of 3rd period - Shot by Casey Cizikas.
1:48 of 3rd period - Shot Misses the Net.
2:16 of 3rd period - Shot by Zdeno Chara.
2:16 of 3rd period - Shot Misses the Net.
2:24 of 3rd period - Shot by Mikko Koivu.
2:24 of 3rd period - Shot Misses the Net.
2:45 of 3rd period - Icing by Dmitry Kulikov.
2:46 of 3rd period - Alex Killorn wins face-off versus Auston Matthews in COLUMBUS Blue Jackets zone.
2:46 of 3rd period - Calvin de Haan is hit by Michael Grabner and loses puck.
2:53 of 3rd period - Shot by Michael Grabner.
2:53 of 3rd period - Stopped by Mike Smith without a rebound.
2:54 of 3rd period - Auston Matthews wins face-off versus Jori Lehtera in COLUMBUS Blue Jackets zone.
2:55 of 3rd period - Shot by Alex Goligoski.
2:55 of 3rd period - Shot Misses the Net.
2:57 of 3rd period - Shot by Auston Matthews.
2:57 of 3rd period - Shot Misses the Net.
3:01 of 3rd period - Shot by Auston Matthews.
3:01 of 3rd period - Stopped by Mike Smith without a rebound.
3:02 of 3rd period - Jori Lehtera wins face-off versus Nicklas Backstrom in COLUMBUS Blue Jackets zone.
3:41 of 3rd period - Shot by Mark Scheifele.
3:41 of 3rd period - Shot Blocked by Dmitry Kulikov.
3:43 of 3rd period - Shot by Nicklas Backstrom.
3:43 of 3rd period - Stopped by Mike Smith without a rebound.
3:44 of 3rd period - Valtteri Filppula wins face-off versus Auston Matthews in COLUMBUS Blue Jackets zone.
3:44 of 3rd period - Valtteri Filppula is hit by Sam Reinhart.
4:05 of 3rd period - Shot by Loui Eriksson.
4:05 of 3rd period - Shot Blocked by Ian Cole.
4:07 of 3rd period - Shot by Zdeno Chara.
4:07 of 3rd period - Goal by Zdeno Chara - ARIZONA Coyotes : 1 - COLUMBUS Blue Jackets : 3.
4:08 of 3rd period - Alex Killorn wins face-off versus Mikko Koivu in neutral zone.
5:36 of 3rd period - Shot by Valtteri Filppula.
5:36 of 3rd period - Stopped by Marc-Andre Fleury with a rebound.
5:53 of 3rd period - Shot by Zdeno Chara.
5:53 of 3rd period - Stopped by Marc-Andre Fleury without a rebound.
5:54 of 3rd period - Jori Lehtera wins face-off versus Auston Matthews in ARIZONA Coyotes zone.
6:09 of 3rd period - Andre Burakovsky is hit by Michael Grabner and loses puck.
6:47 of 3rd period - Alex Goligoski is hit by Calvin de Haan and loses puck.
7:02 of 3rd period - Shot by Mark Scheifele.
7:02 of 3rd period - Stopped by Mike Smith without a rebound.
7:03 of 3rd period - Valtteri Filppula wins face-off versus Andrew Copp in COLUMBUS Blue Jackets zone.
7:30 of 3rd period - Joel Edmundson is hit by Andrew Copp and loses puck.
7:59 of 3rd period - Icing by Erik Johnson.
8:00 of 3rd period - Alex Killorn wins face-off versus Ryan Hartman in ARIZONA Coyotes zone.
9:23 of 3rd period - Shot by Michael Grabner.
9:23 of 3rd period - Shot Misses the Net.
9:29 of 3rd period - Shot by Auston Matthews.
9:29 of 3rd period - Stopped by Mike Smith without a rebound.
9:30 of 3rd period - Mikko Koivu wins face-off versus Valtteri Filppula in COLUMBUS Blue Jackets zone.
9:35 of 3rd period - Shot by Mikko Koivu.
9:35 of 3rd period - Stopped by Mike Smith with a rebound.
10:10 of 3rd period - Shot by Joel Edmundson.
10:10 of 3rd period - Goal by Joel Edmundson - ARIZONA Coyotes : 1 - COLUMBUS Blue Jackets : 4.
10:11 of 3rd period - Jori Lehtera wins face-off versus Nicklas Backstrom in neutral zone.
10:33 of 3rd period - Calvin de Haan is hit by Alex Goligoski and loses puck.
11:04 of 3rd period - Icing by Calvin de Haan.
11:05 of 3rd period - Jori Lehtera wins face-off versus Auston Matthews in COLUMBUS Blue Jackets zone.
11:05 of 3rd period - Jori Lehtera is hit by Michael Grabner.
11:17 of 3rd period - Shot by Auston Matthews.
11:17 of 3rd period - Shot Blocked by Dmitry Kulikov.
11:35 of 3rd period - Shot by Valtteri Filppula.
11:35 of 3rd period - Shot Misses the Net.
11:46 of 3rd period - Icing by Sam Reinhart.
11:47 of 3rd period - Auston Matthews wins face-off versus Alex Killorn in ARIZONA Coyotes zone.
13:26 of 3rd period - Shot by Ryan Nugent-Hopkins.
13:26 of 3rd period - Stopped by Mike Smith without a rebound.
13:27 of 3rd period - Jori Lehtera wins face-off versus Andrew Copp in COLUMBUS Blue Jackets zone.
13:34 of 3rd period - Shot by Jori Lehtera.
13:34 of 3rd period - Shot Misses the Net.
14:15 of 3rd period - Andre Burakovsky is hit by Deryk Engelland and loses puck.
14:37 of 3rd period - Icing by Artturi Lehkonen.
14:38 of 3rd period - Alex Killorn wins face-off versus Nicklas Backstrom in COLUMBUS Blue Jackets zone.
14:38 of 3rd period - Richard Panik is hit by Nicklas Backstrom and loses puck.
15:04 of 3rd period - Off-side.
15:05 of 3rd period - Valtteri Filppula wins face-off versus Auston Matthews in neutral zone.
15:18 of 3rd period - Auston Matthews is hit by Casey Cizikas and loses puck.
15:35 of 3rd period - Shot by Auston Matthews.
15:35 of 3rd period - Deflect By Sam Reinhart.
15:35 of 3rd period - Shot Misses the Net.
15:47 of 3rd period - Shot by Auston Matthews.
15:47 of 3rd period - Shot Misses the Net.
16:18 of 3rd period - Icing by Casey Cizikas.
16:19 of 3rd period - Mikko Koivu wins face-off versus Valtteri Filppula in COLUMBUS Blue Jackets zone.
17:30 of 3rd period - Shot by Ian Cole.
17:30 of 3rd period - Shot Blocked by Dmitry Kulikov.
17:32 of 3rd period - Shot by Ryan Nugent-Hopkins.
17:32 of 3rd period - Deflect By Mark Scheifele.
17:32 of 3rd period - Shot Misses the Net.
17:34 of 3rd period - Shot by Nicklas Backstrom.
17:34 of 3rd period - Shot Misses the Net.
17:36 of 3rd period - Shot by Mark Scheifele.
17:36 of 3rd period - Goal by Mark Scheifele - ARIZONA Coyotes : 2 - COLUMBUS Blue Jackets : 4.
17:37 of 3rd period - Auston Matthews wins face-off versus Alex Killorn in neutral zone.
18:03 of 3rd period - Artturi Lehkonen is hit by Nikita Zaitsev and loses puck.
18:18 of 3rd period - Shot by Alex Killorn.
18:18 of 3rd period - Shot Misses the Net.
18:35 of 3rd period - Joel Edmundson is hit by Nikita Zaitsev and loses puck.
18:38 of 3rd period - Shot by Trevor Lewis.
18:38 of 3rd period - Shot Misses the Net.
18:40 of 3rd period - Shot by Cory Conacher.
18:40 of 3rd period - Shot Misses the Net.
18:42 of 3rd period - Shot by Trevor Lewis.
18:42 of 3rd period - Shot Blocked by Nikita Zaitsev.
18:44 of 3rd period - Shot by Joel Edmundson.
18:44 of 3rd period - Shot Blocked by Nikita Zaitsev.
Goals for this period are 1 for ARIZONA Coyotes vs 2 for COLUMBUS Blue Jackets.
Shots for this period are 9 for ARIZONA Coyotes vs 6 for COLUMBUS Blue Jackets.